 Dungeon Crawl Stone Soup version 0.31-a0-187-gba352fbbf7 (webtiles) character file.

Game seed: 8162337554972132855

217 qw the Skirmisher (level 5, 0/29 HPs)
             Began as a Deep Elf Hunter on June 22, 2023.
             Was an Initiate of Okawaru.
             Slain by an ice beast (6 damage)
             ... on level 5 of the Dungeon.
             The game lasted 00:01:40 (2979 turns).

qw the Skirmisher (Deep Elf Hunter)                 Turns: 2979, Time: 00:01:40

Health: 0/29       AC: 11    Str: 10    XL:     5   Next: 62%
Magic:  7/7        EV:  9    Int: 14    God:    Okawaru [......]
Gold:   176        SH:  0    Dex: 18    Spells: 4/4 levels left

rFire   . . .        Y - +1 shortbow
rCold   . . .        (shield currently unavailable)
rNeg    . . .        b - +0 scale mail {rPois}
rPois   +            (no helmet)
rElec   .            f - +0 cloak
rCorr   .            (no gloves)
SInv    .            (no boots)
Will    .....        (no amulet)
Stlth   +            d - +4 ring of protection
HPRegen 0.24/turn    (no ring)
MPRegen 0.10/turn

%: no passive effects
@: no status effects
A: no striking features
a: Renounce Religion


You were on level 5 of the Dungeon.
You worshipped Okawaru.
Okawaru was noncommittal.
You visited 1 branch of the dungeon, and saw 5 of its levels.

You collected 176 gold pieces.


   Skills:
 - Level 1.5 Fighting
 - Level 9.0 Ranged Weapons
 + Level 0.9 Armour
 - Level 2.4 Dodging
 - Level 1.2 Stealth


You had 4 spell levels left.
You didn't know any spells.
Your spell library was empty.

Inventory:

Hand Weapons
 Y - a +1 shortbow (weapon)
Armour
 b - a +0 scale mail of poison resistance (worn)
 f - a +0 cloak (worn)
Jewellery
 d - a +4 ring of protection (left hand)
 i - a ring of fire
Scrolls
 c - a scroll of identify
Potions
 a - a potion of lignification {unknown}
 e - a potion of heal wounds
 g - a potion of resistance

Dungeon Overview and Level Annotations

Branches:
Dungeon (5/15)
 Temple: D:4-7

Altars:
Dithmenos
Okawaru
Ru
Uskayaw


Message History

Enter note:
Enter note:
Enter note:
Enter note:
Enter note:
2937 ||| Stepping randomly (stuck).
Done exploring.
(D) Dungeon
Where to? (* - list waypoints, Enter - D:4 @ (x,y), ? - help)
What level of the Dungeon? (default 1, ? - help)
You see here a stone.
There is a stone staircase leading down here.
You climb downwards.
There is a stone staircase leading up here.
Waypoint 4 assigned to D:5.
There is a stone staircase leading up here.
An ice beast comes into view.
You shoot an arrow. The arrow closely misses the ice beast.
You shoot an arrow. The arrow hits the ice beast.
The ice beast is lightly wounded.
You shoot an arrow.
The arrow hits the ice beast but does no damage.
The ice beast is lightly wounded.
You shoot an arrow. The arrow hits the ice beast.
The ice beast is lightly wounded.
You shoot an arrow.
The arrow hits the ice beast but does no damage.
The ice beast is lightly wounded.
The ice beast hits you. The ice beast freezes you!
You shoot an arrow. The arrow barely misses the ice beast.
The ice beast hits you. The ice beast freezes you.
You shoot an arrow. The arrow barely misses the ice beast.
The ice beast hits you but does no damage.
You shoot an arrow.
The arrow hits the ice beast but does no damage.
The ice beast is lightly wounded.
The ice beast hits you but does no damage. x2
You shoot an arrow. The arrow closely misses the ice beast.
The ice beast hits you. The ice beast freezes you.
You die...

########
##......##
##........##
#..........#
#..........#
#..........#
...........#
#.....Y@...#
##........##
#.......<##
#..........#
#..........#
#..........#
#..........#
#..........#
........##


You could see an ice beast.

Vanquished Creatures
  A bullfrog (D:4)
  Terence (D:2)
  Natasha (D:2)
  A gnoll (D:1)
  2 adders (D:4)
  An ufetubus (D:4)
  4 dart slugs
  6 orcs
  4 ball pythons
  3 endoplasms
  A giant cockroach (D:2)
  9 goblins
  6 hobgoblins
  4 jackals (D:2)
  4 kobolds
  A quokka (D:3)
  6 bats
  2 frilled lizards
  3 rats
60 creatures vanquished.

Notes
Turn   | Place    | Note
-------+----------+-------------------------------------------
     0 | D:1      | qw the Deep Elf Hunter began the quest for the Orb.
     0 | D:1      | Reached XP level 1. HP: 12/12 MP: 3/3
     0 | D:1      | 0 ||| qw: Version: 0.3-a-9-g12657ce
     0 | D:1      | 0 ||| qw: Game counter: 2333
     0 | D:1      | 0 ||| qw: Always use a shield: true
     0 | D:1      | 0 ||| qw: God list: Okawaru
     0 | D:1      | 0 ||| qw: Allow faded altars: false
     0 | D:1      | 0 ||| qw: Do Orc after D:15 true
     0 | D:1      | 0 ||| qw: Do second Lair branch before Depths: true
     0 | D:1      | 0 ||| qw: Lair rune preference: random
     0 | D:1      | 0 ||| qw: Plans: Normal
     0 | D:1      | 0 ||| PLANNING D:1-11
    67 | D:1      | Reached skill level 6 in Ranged Weapons
    67 | D:1      | Reached XP level 2. HP: 11/16 MP: 4/4
   184 | D:1      | 184 ||| FLEEEEING.
   196 | D:1      | 196 ||| FLEEEEING.
   197 | D:1      | 197 ||| FLEEEEING.
   198 | D:1      | 198 ||| FLEEEEING.
   199 | D:1      | 199 ||| FLEEEEING.
   200 | D:1      | 200 ||| FLEEEEING.
   201 | D:1      | 201 ||| FLEEEEING.
   202 | D:1      | 202 ||| FLEEEEING.
   203 | D:1      | 203 ||| FLEEEEING.
   528 | D:1      | Reached XP level 3. HP: 20/20 MP: 5/5
   551 | D:1      | 551 ||| UPGRADING to +4 ring of protection.
   552 | D:1      | 552 ||| READING scroll labelled ZAJAPNI ERINA.
   553 | D:1      | 553 ||| READING scroll labelled CUHOGO DIRPHYNG.
   554 | D:1      | 554 ||| READING scroll labelled VEHEIR FEIL.
   655 | D:1      | 655 ||| DRINKING 2 amethyst potions.
   656 | D:1      | 656 ||| DROPPING scroll of butterflies.
   781 | D:2      | Noticed Terence
   795 | D:2      | Killed Terence
   796 | D:2      | Reached skill level 7 in Ranged Weapons
   888 | D:2      | Noticed Natasha
   889 | D:2      | 889 ||| Stepping ~*~*~tactically~*~*~ (outnumbered).
   906 | D:2      | Killed Natasha
   907 | D:2      | Reached XP level 4. HP: 17/25 MP: 6/6
  1073 | D:2      | Found a shadowy altar of Dithmenos.
  1281 | D:2      | 1281 ||| UPGRADING to +0 scale mail of poison resistance.
  1291 | D:2      | 1291 ||| DROPPING +0 leather armour.
  1292 | D:2      | 1292 ||| UPGRADING to +0 cloak.
  1297 | D:2      | 1297 ||| READING scroll labelled YXTAYCVU FYTOVA.
  1298 | D:2      | 1298 ||| READING scroll labelled ABYROT MYTARE.
  1299 | D:2      | 1299 ||| READING scroll labelled SAMIAFY ZUMU.
  1302 | D:2      | 1302 ||| READING scroll labelled KEWNUI VISIC.
  1778 | D:3      | Reached skill level 8 in Ranged Weapons
  2163 | D:4      | Found a hide-covered altar of Uskayaw.
  2170 | D:4      | Noticed a bullfrog
  2176 | D:4      | Killed a bullfrog
  2177 | D:4      | Reached XP level 5. HP: 14/29 MP: 7/7
  2261 | D:4      | Reached skill level 9 in Ranged Weapons
  2462 | D:4      | Found a sacrificial altar of Ru.
  2663 | D:4      | Found an iron altar of Okawaru.
  2664 | D:4      | 2664 ||| PLANNING OKAWARU WORSHIP
  2664 | D:4      | 2664 ||| READING 3 scrolls labelled BERINORUOS.
  2665 | D:4      | 2665 ||| READING scroll labelled HOOMI CUOMYOPT.
  2666 | D:4      | 2666 ||| DRINKING 2 sedimented green potions.
  2667 | D:4      | 2667 ||| DROPPING 2 scrolls of blinking.
  2675 | D:4      | Became a worshipper of Warmaster Okawaru
  2676 | D:4      | 2676 ||| PLANNING D:1-11
  2937 | D:4      | 2937 ||| Stepping randomly (stuck).
  2964 | D:5      | Entered Level 5 of the Dungeon
  2970 | D:5      | Noticed an ice beast
  2979 | D:5      | HP: 6/29 [ice beast (4)]
  2979 | D:5      | Slain by an ice beast

Levels and vault maps discovered:
D:1:      matt_arrival_grand_opening, layout_rooms
D:2:      layout_loops_ring, basic_altar, uniq_natasha, uniq_terence
D:3:      layout_basic, minmay_misc_feat_tiny
D:4:      layout_basic, kennysheep_okawaru_gauntlet,
          mainiacjoe_overflow_tiny_flanked, nicolae_ru_path_of_blood
D:5:      layout_rooms, grunt_temple_overflow_forces_of_nature,
          serial_bayou_pond_a

Skill      XL: |  1  2  3  4  5 |
---------------+----------------+-----
Ranged Weapons | 6 7 8 9 |  9.0
Fighting       | |  1.5
Armour         | |  0.9
Dodging        | |  2.4
Stealth        | |  1.2

Action                     |  1- 3 |  4- 6 || total
---------------------------+-------+-------++-------
   Fire: Shortbow          |    88 |   108 ||   196
    Use: Scroll            |     3 |     6 ||     9
         Potion            |     1 |     1 ||     2
 Armour: Leather armour    |     9 |     2 ||    11
         Skin              |     6 |       ||     6
         Scale mail        |       |    18 ||    18
  Dodge: Dodged            |    20 |    23 ||    43

Table legend:
 A = Non-vault XP
 B = Vault XP
 C = Vault XP percentage of total XP
 D = Non-vault monster count
 E = Vault monster count
 F = Vault count percentage of total count
                 A         B        C        D         E       F
            +---------+---------+-------+---------+---------+-------
      Total |     237 |      74 |  23.8 |      56 |       4 |   6.7
            +---------+---------+-------+---------+---------+-------
        D:1 |      41 |       0 |   0.0 |      17 |       0 |   0.0
        D:2 |      30 |      71 |  70.3 |      15 |       2 |  11.8
        D:3 |      15 |       0 |   0.0 |       9 |       0 |   0.0
        D:4 |     151 |       3 |   1.9 |      15 |       2 |  11.8
            +---------+---------+-------+---------+---------+-------
